 Dungeon Crawl Stone Soup version 0.28-a0-1235-g7c8fac35f0 (webtiles) character file.

Game seed: 6859642524513219066

5 MacCMillion the Chiller (level 1, -3/13 HPs)
             Began as a Merfolk Ice Elementalist on Dec 25, 2021.
             Slain by a kobold (5 damage)
             ... on level 2 of the Dungeon.
             The game lasted 00:00:47 (150 turns).

MacCMillion the Chiller (Merfolk Ice Elementalist)   Turns: 150, Time: 00:00:47

Health: -3/13      AC:  2    Str:  8    XL:     1   Next: 80%
Magic:  1/3        EV: 13    Int: 14    God:
Gold:   0          SH:  0    Dex: 14    Spells: 3/4 levels left

rFire   . . .      SeeInvis .   c - +0 dagger
rCold   . . .      Faith    .   (no shield)
rNeg    . . .      Spirit   .   a - +0 robe
rPois   .          Reflect  .   (no helmet)
rElec   .          Harm     .   (no cloak)
rCorr   .          Rampage  .   (no gloves)
Will    .....                   (no boots)
Stlth   ++........              (no amulet)
HPRegen 0.04/turn               (no ring)
MPRegen 0.08/turn               (no ring)

@: no status effects
A: (nimble swimmer 2), mertail
a: no special abilities


You were on level 2 of the Dungeon.
You visited 1 branch of the dungeon, and saw 2 of its levels.

Inventory:

Hand Weapons
 c - a +0 dagger (weapon)
Armour
 a - a +0 robe (worn)
Scrolls
 b - a scroll of identify {unknown}
Potions
 d - a potion of degeneration {unknown}


   Skills:
 + Level 2.9 Dodging
 + Level 2.3 Stealth
 + Level 2.1 Spellcasting
 + Level 4.4 Ice Magic


You had 3 spell levels left.
You knew the following spells:

 Your Spells              Type           Power      Damage    Failure   Level
a - Freeze                Ice            56%        1d7       3%          1

Your spell library contained the following spells:

 Spells                   Type           Power      Damage    Failure   Level
 Frozen Ramparts          Ice            28%        1d4       11%         3
 Ozocubu's Armour         Ice            14%        N/A       11%         3
 Hailstorm                Conj/Ice       7%         3d4       67%         4


Dungeon Overview and Level Annotations

Branches:
Dungeon (2/15)

Altars:


Innate Abilities, Weirdness & Mutations

((You are very nimble when in or above water. (Stealth+, EV+, Speed+++)))
Your lower body shifts to a powerful aquatic tail in water.


Message History

c - a +0 dagger (weapon)
Found 14 arrows.
d - a bubbling puce potion An endoplasm and a hobgoblin come into view.
The endoplasm quivers.
There are monsters nearby!
The hobgoblin shouts!
You hear a shout! x2
A kobold comes into view. It is wielding a +0 club.
A hobgoblin comes into view.
You freeze the hobgoblin!
You kill the hobgoblin!
You freeze the endoplasm!
You kill the endoplasm!
You freeze the kobold.
The kobold is moderately wounded.
A kobold comes into view. It is wielding a +2 vampiric dagger.
The kobold hits you but does no damage.
A rat comes into view.
The kobold throws a stone.
The stone closely misses you. The rat bites you.
You hit the kobold but do no damage. The kobold barely misses you.
You freeze the kobold.
You kill the kobold!
You are too depleted to draw on your mana recklessly!
You hit the rat but do no damage. The rat bites you.
You hit the rat but do no damage. The rat closely misses you.
You hit the rat but do no damage. The rat bites you but does no damage.
You freeze the rat!
You kill the rat!
The kobold throws a stone.
The stone barely misses you.
The kobold hits you with a +2 vampiric dagger.
The kobold hits you with a +2 vampiric dagger.
* * * LOW HITPOINT WARNING * * *
There is an escape hatch in the floor here.
The kobold hits you with a +2 vampiric dagger.
* * * LOW HITPOINT WARNING * * *
You slide downwards.
The hatch slams shut behind you. The kobold misses you.
The kobold hits you with a +2 vampiric dagger.
You die...

.... ....##
......###
........##
....g....####
...........S#
........K...#
.......@w...#
#############


You could see a worm, an adder (asleep), a goblin (asleep) and a kobold.

Vanquished Creatures
  An endoplasm (D:1)
  A hobgoblin (D:1)
  2 kobolds (D:1)
  A rat (D:1)
5 creatures vanquished.

Notes
Turn   | Place    | Note
-------+----------+-------------------------------------------
     0 | D:1      | MacCMillion the Merfolk Ice Elementalist began the quest
                  | for the Orb.
     0 | D:1      | Reached XP level 1. HP: 13/13 MP: 3/3
   150 | D:2      | Slain by a kobold

Illustrated notes

Levels and vault maps discovered:
D:1:      evilmike_arrival_hilbert_curve, layout_basic,
          minmay_misc_feat_secret_circle
D:2:      layout_basic, basic_altar,
          dreamdust_ecumenical_altar_hidden_monk_grotto, minmay_between

Action                   || total
-------------------------++-------
Melee: Dagger            ||     4
       Unarmed           ||     1
 Cast: Freeze            ||     7
 Stab: Sleeping          ||     1
Armor: Robe              ||     2
Dodge: Dodged            ||     6

Table legend: (Time is in decaauts)
 A = Elapsed time spent in this place.
 B = Non-inter-level travel time spent in this place.
 C = Inter-level travel time spent in this place.
 D = Time resting spent in this place.
 E = Time spent auto-exploring this place.
 F = Levels seen in this place.
 G = Mean time per level.
                   A        B        C        D        E       F      G
               +--------+--------+--------+--------+--------+-----+--------+
         Total |    149 |    149 |      0 |      0 |     82 |   2 |   74.5 |
       Dungeon |    149 |    149 |      0 |      0 |     82 |   2 |   74.5 |
               +--------+--------+--------+--------+--------+-----+--------+

Top non-repeatable levels by time:
     D:1: 147 daAuts
     D:2: 1 daAuts
